Map: Frozen Temple

Players

capac

  • Race: Terran Terran
  • League: Gold

dom - Winner!

  • Race: Terran Terran
  • League: Silver

VOD

Have the link to the VOD?

Description

Time

  • Played on: April 25, 2016, 4:51 p.m.
  • Length: 28:55
Show
View Real Time Build Order
Export as new Build Order

capac Terran 

Build Orders: MMM Bio 

Get SALT Encoding   

  12  0:01  SCV  
  13  0:13  SCV  
  14  0:20  Supply Depot  
  14  0:27  SCV  
  15  0:41  SCV  
  16  0:43  Barracks  
  16  0:53  Refinery  
  16  0:55  SCV  
  17  1:07  SCV  
  18  1:19  SCV  
  19  1:31  Marine  
  20  1:34  Orbital Command  
  20  1:48  Command Center  
  20  2:01  Marine  
  20  2:05  Supply Depot  
  20  2:08  Factory  
  21  2:19  Marine  
  21  2:29  Bunker  
  21  2:32  SCV  
  21  2:35  Refinery  
  22  2:44  SCV  
  23  3:03  Orbital Command  
  23  3:05  Factory Tech Lab, Barracks Reactor  
  23  3:06  Starport  
  23  3:13  SCV  
  24  3:29  SCV x2  
  26  3:39  Command Center  
  26  3:47  Siege Tank  
  29  3:50  Marine x2  
  29  3:55  SCV x2  
  33  3:59  Medivac  
  33  4:00  Supply Depot  
  35  4:07  SCV x2  
  37  4:16  Marine x2  
  39  4:24  Barracks  
  39  4:34  Marine  
  39  4:35  Marine  
  39  4:37  SCV x2  
  43  4:39  Refinery  
  43  4:42  Starport Reactor  
  43  4:44  Siege Tank  
  46  4:48  Supply Depot  
  46  4:54  SCV  
  46  4:55  SCV  
  48  5:08  Barracks  
  48  5:13  Supply Depot  
  48  5:15  SCV  
  48  5:16  SCV  
  50  5:23  Medivac x2  
  50  5:25  Barracks Tech Lab  
  54  5:29  Barracks, SCV  
  55  5:36  Orbital Command  
  55  5:42  Supply Depot  
  55  6:00  SCV x2  
  57  6:06  Engineering Bay  
  57  6:07  Supply Depot  
  57  6:08  Viking x2  
  61  6:15  Marine x3  
  61  6:18  Stimpack  
  64  6:19  Barracks Reactor x2  
  64  6:23  Engineering Bay  
  64  6:28  SCV  
  64  6:29  SCV  
  64  6:32  SCV  
  67  6:41  Marine x3  
  67  6:43  Missile Turret  
  70  6:51  Supply Depot, Medivac x2  
  70  6:53  Siege Tank  
  77  6:58  SCV x2  
  77  6:59  Refinery, SCV  
  80  7:05  Marine x4  
  80  7:06  Marine x2  
  86  7:11  Terran Infantry Weapons Level 1, Terran Infantry Armor Level 1  
  86  7:13  SCV x2  
  88  7:21  Missile Turret  
  88  7:23  SCV  
  88  7:25  SCV  
  90  7:31  Siege Tank, Missile Turret  
  90  7:32  Marine  
  94  7:40  Marine x4  
  94  7:44  SCV x2  
  100  7:45  SCV  
  101  7:53  Missile Turret  
  101  8:01  Missile Turret  
  101  8:06  Sensor Tower  
  101  8:07  Marine, Siege Tank  
  101  8:08  Marine x2  
  107  8:16  Sensor Tower  
  107  8:17  Marine x2  
  109  8:30  Combat Shields  
  109  8:32  Supply Depot  
  109  8:35  Marine x4  
  109  8:36  SCV x3  
  116  8:48  SCV x3  
  117  8:58  Missile Turret  
  117  9:00  SCV x2  
  116  9:20  Liberator x2  
  111  9:27  Marine x6  
  111  9:28  Marine  
  115  9:42  SCV x2  
  115  9:43  SCV  
  115  9:44  Starport, Marine  
  115  9:45  Marine x5  
  100  10:19  Marine x4  
  100  10:20  Marine  
  97  10:30  Liberator x2  
  97  10:35  Marine x2  
  96  10:37  Marine  
  96  10:42  Starport Reactor  
  99  10:45  Barracks x2  
  98  11:02  Marine  
  98  11:03  Marine x6  
  105  11:13  Liberator x2  
  105  11:20  Marine x2  
  105  11:21  Marine  
  105  11:22  Siege Tank  
  117  11:34  Marine x2, Liberator x2  
  117  11:35  Marine x2  
  117  11:39  Missile Turret  
  121  11:45  Missile Turret  
  121  11:47  Marine x3  
  130  11:54  Siege Tank  
  130  11:56  Supply Depot  
  130  12:00  Liberator x2  
  133  12:02  Command Center  
  133  12:12  Missile Turret x2  
  133  12:17  SCV x2  
  133  12:21  Supply Depot  
  141  12:23  Marine x4  
  141  12:24  Marine x2  
  141  12:27  Refinery  
  141  12:28  Refinery  
  147  12:34  Barracks Reactor  
  147  12:35  Barracks Reactor  
  147  12:42  Siege Tank  
  147  12:43  Armory  
  150  12:45  Supply Depot  
  150  12:46  Supply Depot  
  150  12:48  Supply Depot  
  150  13:15  Marine x3, Liberator x4  
  165  13:41  Marine x6  
  167  13:42  Marine x4  
  167  13:46  Terran Infantry Weapons Level 2  
  175  13:52  Terran Infantry Armor Level 2  
  175  13:57  Siege Tank  
  178  14:25  Marine x4  
  178  14:26  Marine x2  
  184  14:40  Planetary Fortress  
  184  15:03  Refinery x2  
  184  15:08  Medivac x2  
  185  16:11  Terran Infantry Armor Level 3, Terran Infantry Weapons Level 3  
  185  16:24  Starport  
  185  16:34  Factory  
  185  16:35  Missile Turret  
  185  16:36  Missile Turret  
  185  16:37  Factory  
  185  16:40  Sensor Tower  
  179  17:27  Factory Tech Lab  
  179  17:28  Factory Tech Lab, Command Center  
  179  17:31  Command Center  
  179  18:04  Starport Tech Lab  
  179  18:48  Liberator x3  
  179  18:49  Liberator x2  
  194  19:31  Liberator x4  
  194  19:32  Liberator  
  182  19:55  Starport  
  182  19:58  Starport  
  182  20:02  Starport  
  171  20:14  Liberator x5  
  182  20:15  Refinery  
  182  20:17  Refinery  
  182  20:30  Missile Turret x2  
  182  20:32  Building Armor, Missile Turret  
  197  20:49  Planetary Fortress  
  197  21:05  Starport Reactor x2  
  197  21:36  Liberator x6  
  197  21:37  Liberator  
  128  22:18  Liberator  
  128  22:19  Liberator x6  
  128  22:26  Hi-Sec Auto Tracking  
  128  22:28  Liberator x2  
  149  22:37  Orbital Command  
  149  22:49  Marine x2  
  149  22:50  Marine x6  
  149  22:51  Marine x2  
  165  23:10  Liberator x4  
  165  23:11  Liberator x3  
  165  23:12  Liberator  
  150  23:30  Marine x6  
  150  23:31  Marine  
  181  23:49  Marine x3  
  181  23:50  Marine x6  
  181  23:51  Marine  
  191  24:09  Starport Reactor  
  136  25:09  Liberator x5  
  136  25:10  Liberator x5  
  136  25:11  Liberator  
  95  25:23  Marine x7  
  95  25:24  Marine x4  
  131  25:40  Marine  
  132  25:51  Liberator  
  132  25:52  Liberator x3  
  132  25:53  Liberator x2  
  105  26:46  Marine  
  105  26:47  Marine x6  
  106  26:48  Marine x4  
  116  27:04  Marine  
  116  27:05  Liberator x2  
  117  27:13  Marine x5  
  117  27:14  Marine x5  
  127  27:20  Medivac x3  
  127  27:22  Marine  
  140  27:30  Marine  
  140  27:31  Marine x9  
  150  27:40  Marine  
  151  27:48  Marine x2  
  151  27:49  Marine x8  
  161  27:58  Marine  
  162  28:06  Marine x2  
  162  28:07  Marine x8  
  172  28:15  Marine  
  173  28:24  Marine x2  
  173  28:25  Marine x8  
  183  28:32  Refinery  
  183  28:33  Marine  
Show
View Real Time Build Order
Export as new Build Order

dom Terran - Winner!

Build Orders: Reaper Expand, Bio Tank 

Get SALT Encoding   

  12  0:01  SCV  
  13  0:13  SCV  
  14  0:19  Supply Depot  
  14  0:25  SCV  
  15  0:33  Refinery  
  15  0:44  Barracks  
  15  0:47  SCV  
  16  0:59  SCV  
  17  1:30  Orbital Command  
  17  1:34  Reaper  
  17  1:36  Supply Depot  
  18  1:58  SCV  
  19  2:04  Factory  
  19  2:13  Barracks Reactor  
  19  2:18  Command Center  
  19  2:31  SCV  
  19  2:32  Barracks  
  19  2:33  Refinery  
  20  2:56  Marine x2  
  21  2:59  Factory Tech Lab  
  21  3:00  SCV  
  22  3:08  Engineering Bay  
  22  3:12  SCV  
  23  3:21  Barracks Tech Lab, Starport  
  23  3:24  Supply Depot, SCV  
  24  3:27  Marine  
  25  3:42  Orbital Command  
  25  3:43  SCV  
  25  3:47  Stimpack  
  26  3:55  SCV  
  27  3:57  Terran Infantry Weapons Level 1  
  27  4:03  Marine  
  27  4:07  SCV  
  27  4:08  Marine x2  
  31  4:13  Medivac  
  33  4:22  Siege Tank  
  36  4:24  SCV  
  36  4:28  SCV  
  38  4:35  Marine x2  
  38  4:36  Marine  
  41  4:38  Liberator  
  41  4:43  SCV x2  
  43  4:53  Marine, Missile Turret  
  43  4:55  SCV  
  48  5:01  SCV  
  49  5:07  SCV  
  49  5:11  Marine  
  49  5:12  Marine x2  
  49  5:13  SCV  
  54  5:24  Factory  
  54  5:28  Supply Depot  
  54  5:37  Missile Turret  
  54  5:46  SCV  
  54  5:47  Combat Shields  
  54  5:49  Marine x3, SCV  
  58  5:56  Terran Infantry Armor Level 1  
  58  5:58  SCV  
  58  6:01  SCV  
  58  6:02  Supply Depot  
  60  6:07  Engineering Bay  
  60  6:09  Barracks  
  60  6:20  Refinery, Command Center  
  60  6:21  Refinery, Marauder  
  60  6:23  Factory Tech Lab  
  64  6:32  Supply Depot  
  64  6:36  Liberator x2  
  62  6:44  Barracks  
  68  6:55  Marine x2  
  68  6:56  Marine  
  68  6:59  SCV x2  
  73  7:11  SCV  
  74  7:17  Marine x2  
  74  7:19  Concussive Shells  
  76  7:24  Supply Depot  
  76  7:32  Supply Depot  
  76  7:34  Barracks Reactor  
  76  7:36  Barracks Reactor  
  76  7:37  Barracks Reactor  
  76  7:44  SCV x2  
  76  7:46  Armory  
  76  7:49  Medivac x2  
  76  7:50  Marine  
  83  7:55  Orbital Command  
  83  7:56  SCV x2  
  83  7:57  Refinery  
  85  8:00  Supply Depot  
  85  8:10  Missile Turret  
  85  8:11  Marine  
  85  8:12  Marine x2  
  88  8:13  Siege Tank x2  
  88  8:14  Liberator  
  94  8:29  Marine x5  
  94  8:31  Medivac  
  104  8:46  Marine  
  104  8:47  Marine, Siege Tank  
  112  8:48  Siege Tank  
  98  9:18  Liberator  
  98  9:19  Marine x6  
  86  9:33  Marine  
  86  9:34  Siege Tank x2  
  86  9:35  Medivac  
  86  9:36  Marine  
  86  9:37  Marine x2  
  101  10:08  Liberator x2  
  81  10:23  Marauder, Marine x4  
  81  10:24  Marine x2  
  81  10:27  Siege Tank x2  
  96  10:44  Marine x5  
  98  10:52  Marine  
  98  10:53  Marine  
  93  11:00  SCV x3  
  93  11:02  Marine x5  
  101  11:12  SCV  
  101  11:21  Refinery  
  101  11:24  Marine x3  
  104  11:30  Marine x4  
  108  11:33  Medivac x2  
  112  11:41  Marine  
  113  11:49  Command Center  
  113  12:03  Terran Ship Weapons Level 1  
  113  12:04  Supply Depot  
  113  12:05  Supply Depot, Marine  
  113  12:06  Terran Infantry Weapons Level 2, Terran Infantry Armor Level 2  
  114  12:08  Supply Depot  
  114  12:13  Starport  
  114  12:14  SCV  
  114  12:15  SCV x2  
  117  12:26  SCV  
  117  12:27  SCV x2  
  120  12:48  Supply Depot  
  120  12:52  Supply Depot  
  120  12:54  Marine x7  
  120  12:57  Thor x2  
  139  12:59  Medivac  
  139  13:01  Medivac  
  139  13:02  Starport Reactor  
  143  13:14  Missile Turret  
  143  13:17  Supply Depot  
  143  13:20  Supply Depot  
  143  13:24  Missile Turret  
  143  13:28  Missile Turret, Sensor Tower  
  143  13:30  Liberator x2  
  143  13:32  Sensor Tower  
  143  13:33  Planetary Fortress  
  143  13:36  Missile Turret  
  143  13:45  Thor  
  155  13:58  Missile Turret  
  154  14:27  Liberator x3  
  154  14:28  Liberator  
  154  14:33  Sensor Tower  
  154  14:41  Marine x4  
  154  14:42  Marine x3  
  173  14:55  Terran Ship Weapons Level 2  
  173  15:02  Supply Depot  
  173  15:23  Thor, Marine x2  
  173  15:25  Supply Depot  
  173  15:26  Liberator x2  
  181  15:39  Liberator  
  181  15:40  Liberator  
  181  15:43  Marine x2  
  181  15:44  Marine  
  181  15:46  Marine x2  
  181  15:47  Supply Depot  
  172  15:51  Marine x2  
  180  16:09  Marine  
  180  16:10  Marine x5  
  180  16:11  Marine  
  187  16:14  Command Center  
  187  16:21  Fusion Core  
  187  16:24  Supply Depot  
  187  16:27  Marine, Fusion Core  
  187  16:31  Starport  
  188  16:47  Liberator x3  
  188  16:48  Liberator  
  197  17:08  Starport Tech Lab  
  197  17:11  Terran Vehicle And Ship Armor Level 1  
  196  17:26  Marine x4  
  200  17:40  Command Center  
  200  18:22  Advanced Ballistics  
  200  18:24  Terran Infantry Weapons Level 3  
  200  18:25  Terran Infantry Armor Level 3  
  200  18:36  Barracks  
  200  19:20  Terran Ship Weapons Level 3  
  200  19:59  Barracks Reactor  
  200  20:26  Liberator  
  200  20:58  Planetary Fortress  
  200  21:02  Refinery x2  
  200  21:03  Missile Turret  
  200  21:08  Missile Turret  
  200  21:09  Missile Turret  
  200  21:12  Missile Turret  
  134  22:08  Marine x2  
  134  22:09  Marine x4  
  134  22:13  Marine  
  134  22:14  Marine x2  
  130  22:23  Barracks  
  130  22:26  Marine x4  
  130  22:27  Marine  
  130  22:29  Barracks  
  135  22:32  Starport  
  135  22:33  Liberator x5  
  150  22:52  Marine x6  
  150  22:53  Marine x3  
  159  23:01  Terran Vehicle And Ship Armor Level 2  
  130  23:27  Marine x3  
  130  23:28  Marine x6  
  130  23:29  Marine x2  
  141  23:58  Barracks Reactor x2  
  141  23:59  Starport Reactor  
  141  24:03  Command Center  
  115  25:11  Marine x2  
  115  25:12  Marine x6  
  115  25:13  Marine x5  
  113  25:29  Marine x3  
  113  25:30  Marine x4  
  120  25:53  Marine x4  
  120  25:54  Marine x7  
  131  26:02  Marine x2  
  133  26:09  Medivac x2  
  133  26:10  Medivac  
  133  26:11  Marine  
  123  26:35  Marine, Liberator x4  
  123  26:36  Marine x4, Liberator x2  
  105  26:49  Marine  
  105  26:50  Marine x5  
  129  27:00  Liberator  
  129  27:18  Liberator x2  
  138  27:40  Refinery  
  138  27:42  Refinery  
  138  27:48  Liberator x2  
  138  27:49  Command Center  
  138  28:02  Marine x4  
  138  28:03  Marine x5  
  153  28:18  Marine x2  
  153  28:19  Marine x2  
  157  28:20  Marine  
Tags
 
Add a new tag
Caveats
  • Supply blocks, unpowered buildings, or Contaminate may cause inaccurate times.
  • Supply counts are checked every 10 seconds.